PA
ALAMEDA AIRMEN @ COLUMBIA RIVER RATS
05/28/2027
 
TOP OF THE 1ST
Alameda Airmen batting - Pitching for Columbia River Rats : RHP Manuel Sánchez
Pitching: RHP Manuel Sánchez
Batting: RHB Xavier Gama 0-0: Foul Ball, location: 2F
0-1: Ball
1-1: Ball
2-1: Called Strike
2-2: Foul Ball, location: 2F
2-2: Ball
3-2: Strikes out swinging
Batting: RHB Armando Rodríguez 0-0: Called Strike
0-1: Foul Ball, location: 2F
0-2: Ball
1-2: Ball
2-2: Fly out, F7 (Flyball, 78D)
Batting: RHB Mike Wazowski 0-0: Called Strike
0-1: Ball
1-1: Ball
2-1: Foul Ball, location: 2F
2-2: SINGLE (Flyball, 89S)
Batting: RHB Alfonso Nazario 0-0: Called Strike
0-1: Foul Ball, location: 2F
0-2: Ball
Mike Wazowski is caught stealing 2nd base
Top of the 1st over - 0 run(s), 1 hit(s), 0 error(s), 0 left on base; Alameda 0 - Columbia 0
BOTTOM OF THE 1ST
Columbia River Rats batting - Pitching for Alameda Airmen : LHP Octávio Rodríguez
Pitching: LHP Octávio Rodríguez
Batting: RHB Víctor Hernández 0-0: Ball
1-0: Ground out 1-3 (Groundball, 13S)
Batting: RHB Mario Jacome 0-0: Ball
1-0: SINGLE (Groundball, 6MD)
Batting: RHB Marcos Rico 0-0: Ball
1-0: Called Strike
1-1: Ball
2-1: Ball
3-1: Swinging Strike
3-2: Base on Balls
Mario Jacome to second
Batting: RHB Dan Parkinson 0-0: Foul Ball, location: 2F
0-1: Swinging Strike
0-2: Strikes out swinging
Batting: RHB Paco Muñóz 0-0: Ball
1-0: Ball
2-0: Called Strike
2-1: Ball
3-1: Called Strike
3-2: Foul Ball, location: 2F
3-2: Fly out, F9 (Flyball, 89XD)
Bottom of the 1st over - 0 run(s), 1 hit(s), 0 error(s), 2 left on base; Alameda 0 - Columbia 0
TOP OF THE 2ND
Alameda Airmen batting - Pitching for Columbia River Rats : RHP Manuel Sánchez
Batting: RHB Alfonso Nazario 0-0: Called Strike
0-1: Ball
1-1: SOLO HOME RUN (Flyball, 78XD), Distance : 407 ft
Batting: RHB Jud Regan 0-0: Ball
1-0: Ball
2-0: Ball
3-0: Base on Balls
Batting: SHB Adam Staats 0-0: Foul Ball, location: 2F
0-1: Ball
Jud Regan is caught stealing 2nd base
1-1: Ball
2-1: Ball
3-1: Called Strike
3-2: Fly out, F7 (Flyball, 7LS)
Batting: RHB Howard Lee 0-0: Called Strike
0-1: Foul Ball, location: 2F
0-2: Foul Ball, location: 2F
0-2: Ball
1-2: Ground out 6-3 (Groundball, 6S)
Top of the 2nd over - 1 run(s), 1 hit(s), 0 error(s), 0 left on base; Alameda 1 - Columbia 0
BOTTOM OF THE 2ND
Columbia River Rats batting - Pitching for Alameda Airmen : LHP Octávio Rodríguez
Batting: RHB Richard Blackburn 0-0: Called Strike
0-1: Called Strike
0-2: Ball
1-2: Strikes out swinging
Batting: RHB Don Leach 0-0: SINGLE (Line Drive, 56D)
Batting: RHB Fernando Arévalo 0-0: Called Strike
0-1: Called Strike
0-2: Ball
1-2: Foul Ball, location: 2F
1-2: Ball
2-2: Strikes out swinging
Batting: RHB Miguel Delgado 0-0: Called Strike
0-1: Ground out 5-3 (Groundball, 56S)
Bottom of the 2nd over - 0 run(s), 1 hit(s), 0 error(s), 1 left on base; Alameda 1 - Columbia 0
TOP OF THE 3RD
Alameda Airmen batting - Pitching for Columbia River Rats : RHP Manuel Sánchez
Batting: RHB Phil Pettit 0-0: Called Strike
0-1: Swinging Strike
0-2: Ball
1-2: Strikes out swinging
Batting: RHB Mario Salazar 0-0: Ball
1-0: Called Strike
1-1: SINGLE (Line Drive, 89S)
Batting: RHB Xavier Gama 0-0: Ball
1-0: Foul Ball, location: 2F
1-1: Grounds into double play, 6-4-3 (Groundball, 6)
Top of the 3rd over - 0 run(s), 1 hit(s), 0 error(s), 0 left on base; Alameda 1 - Columbia 0
BOTTOM OF THE 3RD
Columbia River Rats batting - Pitching for Alameda Airmen : LHP Octávio Rodríguez
Batting: RHB Víctor Hernández 0-0: Swinging Strike
0-1: Foul Ball, location: 2F
0-2: Foul Ball, location: 2F
0-2: Ball
1-2: Strikes out looking
Batting: RHB Mario Jacome 0-0: Ball
1-0: Ball
2-0: Called Strike
2-1: Foul Ball, location: 2F
2-2: Strikes out swinging
Batting: RHB Marcos Rico 0-0: Ball
1-0: Fly out, F8 (Flyball, 8RM)
Bottom of the 3rd over - 0 run(s), 0 hit(s), 0 error(s), 0 left on base; Alameda 1 - Columbia 0
TOP OF THE 4TH
Alameda Airmen batting - Pitching for Columbia River Rats : RHP Manuel Sánchez
Batting: RHB Armando Rodríguez 0-0: Ball
1-0: Ball
2-0: Called Strike
2-1: Ball
3-1: Called Strike
3-2: Foul Ball, location: 2F
3-2: Fly out, F9 (Flyball, 9)
Batting: RHB Mike Wazowski 0-0: Ball
1-0: Ball
2-0: Swinging Strike
2-1: Foul Ball, location: 2F
2-2: Reached on error, E6 (Groundball, 6)
Batting: RHB Alfonso Nazario 0-0: Ball
1-0: Called Strike
1-1: Ball
2-1: Foul Ball, location: 2F
2-2: Foul Ball, location: 2F
2-2: Ball
3-2: Base on Balls
Mike Wazowski to second
Batting: RHB Jud Regan 0-0: Foul Ball, location: 2F
0-1: Foul Ball, location: 2F
0-2: Ball
1-2: Foul Ball, location: 2F
1-2: Ball
2-2: Ball
3-2: Strikes out swinging
Batting: SHB Adam Staats 0-0: Ball
1-0: Called Strike
1-1: Ball
2-1: Called Strike
2-2: Strikes out looking
Top of the 4th over - 0 run(s), 0 hit(s), 1 error(s), 2 left on base; Alameda 1 - Columbia 0
BOTTOM OF THE 4TH
Columbia River Rats batting - Pitching for Alameda Airmen : LHP Octávio Rodríguez
Batting: RHB Dan Parkinson 0-0: Called Strike
0-1: Called Strike
0-2: Strikes out swinging
Batting: RHB Paco Muñóz 0-0: Foul Ball, location: 2F
0-1: Foul Ball, location: 2F
0-2: Ball
1-2: Ball
2-2: Strikes out looking
Batting: RHB Richard Blackburn 0-0: Called Strike
0-1: Fly out, F8 (Flyball, 8LM)
Bottom of the 4th over - 0 run(s), 0 hit(s), 0 error(s), 0 left on base; Alameda 1 - Columbia 0
TOP OF THE 5TH
Alameda Airmen batting - Pitching for Columbia River Rats : RHP Manuel Sánchez
Batting: RHB Howard Lee 0-0: Ball
1-0: Foul Ball, location: 2F
1-1: Ball
2-1: Ball
3-1: Ground out 5-3 (Groundball, 56S)
Batting: RHB Phil Pettit 0-0: Called Strike
0-1: SINGLE (Line Drive, 56D)
Batting: RHB Mario Salazar 0-0: Ball
1-0: Ball
2-0: Called Strike
2-1: Foul Ball, location: 2F
2-2: Ball
3-2: Foul Ball, location: 2F
3-2: Foul Ball, location: 2F
3-2: Fly out, F9 (Flyball, 89S)
Batting: RHB Xavier Gama 0-0: Ball
1-0: Ball
2-0: Called Strike
2-1: Ground out 5-3 (Groundball, 5S)
Top of the 5th over - 0 run(s), 1 hit(s), 0 error(s), 1 left on base; Alameda 1 - Columbia 0
BOTTOM OF THE 5TH
Columbia River Rats batting - Pitching for Alameda Airmen : LHP Octávio Rodríguez
Batting: RHB Don Leach 0-0: Ball
1-0: Ball
2-0: Called Strike
2-1: Foul Ball, location: 2F
2-2: Foul Ball, location: 2F
2-2: Foul Ball, location: 2F
2-2: Ball
3-2: Base on Balls
Batting: RHB Fernando Arévalo 0-0: Ball
1-0: Sac Bunt - play at first, batter OUT! 1-4
Don Leach to second
Pitching: RHP Miguel Cabañas
Batting: RHB Miguel Delgado 0-0: Ground out 5-3 (Groundball, 56)
Batting: RHB Víctor Hernández 0-0: Ball
1-0: Called Strike
1-1: SINGLE (Groundball, 4MD)
Don Leach to third
Runner from 3rd tries for Home, SAFE, no throw
Batting: RHB Mario Jacome 0-0: Ball
1-0: Ball
2-0: Foul Ball, location: 2F
2-1: Ball
Víctor Hernández is caught stealing 2nd base
Bottom of the 5th over - 1 run(s), 1 hit(s), 0 error(s), 0 left on base; Alameda 1 - Columbia 1
TOP OF THE 6TH
Alameda Airmen batting - Pitching for Columbia River Rats : RHP Manuel Sánchez
Batting: RHB Armando Rodríguez 0-0: Called Strike
0-1: Ball
1-1: Ball
2-1: Ball
3-1: Foul Ball, location: 2F
3-2: Foul Ball, location: 2F
3-2: Foul Ball, location: 2F
3-2: Base on Balls
Pitching: RHP Toshiharu Kuhabara
Batting: RHB Mike Wazowski 0-0: Ball
1-0: Foul Ball, location: 2F
1-1: Ball
2-1: Foul Ball, location: 2F
2-2: Strikes out swinging
Batting: RHB Alfonso Nazario 0-0: Ball
1-0: 2-RUN HOME RUN (Flyball, 7LD), Distance : 343 ft
Batting: RHB Jud Regan 0-0: Called Strike
0-1: SINGLE (Line Drive, 4MD)
Batting: SHB Adam Staats 0-0: Foul Ball, location: 2F
0-1: Ball
1-1: Foul Ball, location: 2F
1-2: Grounds into double play, 4-6-3 (Groundball, 34)
Top of the 6th over - 2 run(s), 2 hit(s), 0 error(s), 0 left on base; Alameda 3 - Columbia 1
BOTTOM OF THE 6TH
Columbia River Rats batting - Pitching for Alameda Airmen : RHP Miguel Cabañas
Batting: RHB Mario Jacome 0-0: Foul Ball, location: 2F
0-1: Ground out 4-3 (Groundball, 4D)
Batting: RHB Marcos Rico 0-0: Ball
1-0: Foul Ball, location: 2F
1-1: Ball
2-1: Foul Ball, location: 2F
2-2: Strikes out swinging
Batting: RHB Dan Parkinson 0-0: Called Strike
0-1: Ball
1-1: Ball
2-1: Ball
3-1: Base on Balls
Batting: RHB Paco Muñóz 0-0: Ball
1-0: Called Strike
1-1: Foul Ball, location: 2F
1-2: Strikes out swinging
Bottom of the 6th over - 0 run(s), 0 hit(s), 0 error(s), 1 left on base; Alameda 3 - Columbia 1
TOP OF THE 7TH
Alameda Airmen batting - Pitching for Columbia River Rats : RHP Toshiharu Kuhabara
Batting: RHB Howard Lee 0-0: Called Strike
0-1: Ball
1-1: Reached on error, E4 (Groundball, 4)
Batting: RHB Phil Pettit 0-0: Called Strike
0-1: Ball
1-1: Called Strike
1-2: Ball
2-2: Strikes out looking
Batting: RHB Mario Salazar 0-0: Ball
1-0: Called Strike
1-1: Swinging Strike
1-2: Ball
2-2: Strikes out swinging
Batting: RHB Xavier Gama 0-0: Ball
1-0: Foul Ball, location: 2F
1-1: Ball
2-1: Foul Ball, location: 2F
2-2: Ball
3-2: Fly out, F9 (Flyball, 9LS)
Top of the 7th over - 0 run(s), 0 hit(s), 1 error(s), 1 left on base; Alameda 3 - Columbia 1
BOTTOM OF THE 7TH
Columbia River Rats batting - Pitching for Alameda Airmen : RHP Miguel Cabañas
Batting: RHB Richard Blackburn 0-0: Ground out 6-3 (Groundball, 6)
Batting: RHB Don Leach 0-0: Ground out 6-3 (Groundball, 6)
Batting: RHB Fernando Arévalo 0-0: Called Strike
0-1: Foul Ball, location: 2F
0-2: Ball
1-2: DOUBLE (Line Drive, 89D)
Batting: RHB Miguel Delgado 0-0: Called Strike
0-1: Ball
1-1: Ground out 6-3 (Groundball, 56)
Bottom of the 7th over - 0 run(s), 1 hit(s), 0 error(s), 1 left on base; Alameda 3 - Columbia 1
TOP OF THE 8TH
Alameda Airmen batting - Pitching for Columbia River Rats : RHP Toshiharu Kuhabara
Batting: RHB Armando Rodríguez 0-0: Foul Ball, location: 2F
0-1: Fly out, F9 (Flyball, 9S)
Batting: RHB Mike Wazowski 0-0: Called Strike
0-1: Foul Ball, location: 2F
0-2: SINGLE (Flyball, 89S)
Batting: RHB Alfonso Nazario 0-0: Ball
1-0: Ball
2-0: Ball
3-0: Called Strike
3-1: Base on Balls
Mike Wazowski to second
Pinch Hitting: LHB Jean Tannen 0-0: Ball
1-0: Fly out, F8 (Flyball, 8RD)
Batting: SHB Adam Staats 0-0: Ball
Wild Pitch!
Mike Wazowski to third
Alfonso Nazario to second
1-0: Swinging Strike
1-1: Ground out U3 (Groundball, 34S)
Top of the 8th over - 0 run(s), 1 hit(s), 0 error(s), 2 left on base; Alameda 3 - Columbia 1
BOTTOM OF THE 8TH
Columbia River Rats batting - Pitching for Alameda Airmen : RHP Miguel Cabañas
Now in LF: Jean Tannen
Batting: RHB Víctor Hernández 0-0: Ball
1-0: SINGLE (Groundball, 2L) (infield hit)
Batting: RHB Mario Jacome 0-0: Ball
1-0: Foul Ball, location: 2F
1-1: Fielders Choice at 2nd, 1-4 (Groundball, 15S)
Batting: RHB Marcos Rico 0-0: Ball
1-0: Called Strike
1-1: Ball
2-1: Foul Ball, location: 2F
2-2: Strikes out swinging
Batting: RHB Dan Parkinson 0-0: Ball
1-0: Called Strike
1-1: Foul Ball, location: 2F
1-2: Ball
2-2: Fly out, F7 (Flyball, 7LSF)
Bottom of the 8th over - 0 run(s), 1 hit(s), 0 error(s), 1 left on base; Alameda 3 - Columbia 1
TOP OF THE 9TH
Alameda Airmen batting - Pitching for Columbia River Rats : RHP Toshiharu Kuhabara
Batting: RHB Howard Lee 0-0: Called Strike
0-1: Swinging Strike
0-2: Strikes out looking
Batting: RHB Phil Pettit 0-0: Swinging Strike
0-1: Called Strike
0-2: Ball
1-2: Strikes out swinging
Pitching: RHP Sergio Puente
Batting: RHB Mario Salazar 0-0: SINGLE (Flyball, 9LM)
Batting: RHB Xavier Gama 0-0: Ball
1-0: Ball
2-0: Called Strike
2-1: Ball
3-1: Base on Balls
Mario Salazar to second
Batting: RHB Armando Rodríguez 0-0: Called Strike
0-1: Called Strike
0-2: Reaches on Catchers interference
Mario Salazar to third
Xavier Gama to second
Batting: RHB Mike Wazowski 0-0: Called Strike
0-1: SINGLE (Line Drive, 6D)
Mario Salazar scores
Xavier Gama to third
Armando Rodríguez to second
Runner from 3rd tries for Home, SAFE, no throw
Batting: RHB Alfonso Nazario 0-0: Called Strike
0-1: Fly out, F8 (Flyball, 8RD)
Top of the 9th over - 2 run(s), 2 hit(s), 1 error(s), 2 left on base; Alameda 5 - Columbia 1
BOTTOM OF THE 9TH
Columbia River Rats batting - Pitching for Alameda Airmen : RHP Miguel Cabañas
Batting: RHB Paco Muñóz 0-0: Ball
1-0: Ball
2-0: Called Strike
2-1: Foul Ball, location: 2F
2-2: Ball
3-2: Strikes out swinging
Batting: RHB Richard Blackburn 0-0: Ball
1-0: Foul Ball, location: 2F
1-1: Ball
2-1: Ball
3-1: Fly out, F7 (Flyball, 7LMF)
Batting: RHB Don Leach 0-0: Swinging Strike
0-1: Foul Ball, location: 2F
0-2: Strikes out swinging
Bottom of the 9th over - 0 run(s), 0 hit(s), 0 error(s), 0 left on base; Alameda 5 - Columbia 1
Saturday, May 26th, 2018 - OOTP Baseball 17.12 Build 75